[Event "Titled Tuesday Blitz November 15 Early 2022"]
[White "Langner, Ladislav"]
[Black "Saravana, Krishnan P."]
[WhiteFideId "300403"]
[BlackFideId "5018382"]
[WhiteElo "2346"]
[BlackElo "2155"]
[Result "0-1"]
[Round "10"]
[TimeControl "180+1"]
[Date "2022.11.16"]
[WhiteClock "0:00:01"]
[BlackClock "0:00:35"]

1. e4 Nf6 2. e5 Nd5 3. d4 d6 4. exd6 cxd6 5. c4 Nb6 6. Nc3 g6 7. g3 Bg7 8. Nge2 O-O 9. b3 Nc6 10. Be3 Bg4 11. Bg2 e5 12. d5 Nd4 13. O-O Nxe2+ 14. Nxe2 Qd7 15. Qd2 f5 16. f3 Bh5 17. Bh6 Rae8 18. Bxg7 Qxg7 19. Rae1 Nd7 20. f4 Bxe2 21. Rxe2 b6 22. fxe5 Nxe5 23. Qg5 h6 24. Qd2 g5 25. Ref2 Qg6 26. Bh3 g4 27. Bg2 Rf6 28. Qd4 Qg7 29. Qd2 Ref8 30. Qd4 h5 31. Re2 h4 32. Rxe5 dxe5 33. Qxe5 h3 34. Rd1 hxg2 35. d6 Qd7 36. Qf4 Rg6 37. Rd5 Rff6 38. c5 bxc5 39. Qc4 Kg7 40. Rxc5 Qxd6 41. Rc7+ Kh6 42. Qc1+ f4 43. gxf4 Qxf4 44. Qxf4+ Rxf4 45. Rxa7 Rd6 46. Kxg2 Re4 47. Kg3 Rd3+ 48. Kf2 Rd2+ 49. Kg3 Red4 50. Ra5 R2d3+ 51. Kf2 Rf3+ 0-1


[Site "https://www.chess.com"]

[Event "Titled Tuesday Blitz November 15 Early 2022"]
[White "Leiva, Gianmarco"]
[Black "Rodriguez Fontecha, Marcos"]
[WhiteFideId "3804399"]
[BlackFideId "2256576"]
[WhiteElo "2286"]
[BlackElo "2263"]
[Result "0-1"]
[Round "10"]
[TimeControl "180+1"]
[Date "2022.11.16"]
[WhiteClock "0:02:03"]
[BlackClock "0:01:40"]

1. e4 e6 2. d4 c5 3. Nc3 cxd4 4. Qxd4 Nc6 5. Qe3 Nf6 6. b3 Bb4 7. Bb2 Qb6 8. Qxb6 axb6 9. O-O-O Bxc3 10. Bxc3 Nxe4 11. Be1 Rxa2 12. Kb1 Ra8 13. f3 Nf6 14. Bf2 Nd5 15. Rxd5 exd5 16. Ne2 O-O 17. Nc3 Nb4 18. Bxb6 d6 19. Bc7 Re8 20. Bb5 Re3 21. Na4 Bf5 22. Bxd6 Rxb3+ 23. Kc1 Na2+ 24. Kd2 Rxb5 25. Nc5 Rd8 26. Ra1 Rxd6 27. Rxa2 Rxc5 28. Ra8+ Rc8 29. Rxc8+ Bxc8 0-1


[Site "https://www.chess.com"]

[Event "Titled Tuesday Blitz November 15 Early 2022"]
[White "Leve, Nitai"]
[Black "Thorhallsson, Simon"]
[WhiteFideId "2006898"]
[BlackFideId "2310090"]
[WhiteElo "2144"]
[BlackElo "2109"]
[Result "0-1"]
[Round "10"]
[TimeControl "180+1"]
[Date "2022.11.16"]
[WhiteClock "0:00:05"]
[BlackClock "0:00:05"]

1. e4 c5 2. Nf3 d6 3. d4 cxd4 4. Qxd4 Nc6 5. Bb5 Bd7 6. Bxc6 Bxc6 7. Nc3 Nf6 8. Bg5 e6 9. O-O-O Be7 10. Qd3 O-O 11. Nd4 Qa5 12. f4 Rac8 13. f5 Bd7 14. Bxf6 Bxf6 15. Nb3 Qb6 16. Qxd6 Qe3+ 17. Kb1 Bxc3 18. Qxd7 Bf6 19. fxe6 Qxe4 20. exf7+ Kh8 21. Rd3 Qxg2 22. Rc1 Rcd8 23. Qf5 Rxd3 24. Qxd3 Qxh2 25. Re1 Qb8 26. Nc5 Rxf7 27. Qd5 Qg8 28. Nxb7 Rc7 29. Qxg8+ Kxg8 30. Nd6 Rd7 31. Nf5 h5 32. c4 g6 33. Ne3 Rd2 34. b4 Rb2+ 35. Kc1 Rxb4 36. Nd5 Rxc4+ 37. Kb1 Bg7 38. Ne7+ Kh7 39. Rg1 Rb4+ 40. Kc2 Ra4 41. Nxg6 Rxa2+ 42. Kd3 Ra3+ 43. Ke4 Ra4+ 44. Kd5 Rg4 45. Rxg4 hxg4 46. Nf4 Kh6 47. Ke4 Kg5 48. Ne6+ Kf6 49. Nd4 Bh6 50. Nb5 a5 51. Nd6 a4 52. Nc4 Kg5 53. Ke3 Kh4+ 54. Kf2 Kh3 55. Kg1 Kg3 56. Ne5 a3 0-1


[Site "https://www.chess.com"]

[Event "Titled Tuesday Blitz November 15 Early 2022"]
[White "Makhmudov, Shukhrat"]
[Black "Osinovsky, Stepan"]
[WhiteFideId "14200775"]
[BlackFideId "4157354"]
[WhiteElo "2135"]
[BlackElo "2222"]
[Result "1-0"]
[Round "10"]
[TimeControl "180+1"]
[Date "2022.11.16"]
[WhiteClock "0:00:08"]
[BlackClock "0:00:01"]

1. e4 e5 2. Nf3 Nc6 3. Bc4 Nf6 4. Ng5 d5 5. exd5 Na5 6. d3 h6 7. Nf3 e4 8. Qe2 Nxc4 9. dxc4 Bc5 10. c3 O-O 11. Nd4 c6 12. dxc6 Bxd4 13. cxd4 Qxd4 14. cxb7 Bxb7 15. Be3 Qe5 16. O-O Rfd8 17. Na3 Rd3 18. h3 a6 19. Rac1 Rad8 20. Rfe1 Nh5 21. Qg4 Nf6 22. Qe2 Nh5 23. Qg4 Kh7 24. Bb6 Re8 25. c5 Nf6 26. Qe2 Nd5 27. Qxd3 exd3 28. Rxe5 Rxe5 29. Rd1 Nf4 30. g3 Nxh3+ 31. Kf1 Bf3 32. Rd2 Ng5 33. Nc4 Be2+ 34. Kg2 Bf3+ 35. Kf1 Be2+ 36. Kg2 Re4 37. Nd6 Bf3+ 38. Kh2 Re1 39. g4 Re6 40. Rxd3 Bxg4 41. Kg3 f5 42. f4 Ne4+ 43. Nxe4 fxe4 44. Rc3 e3 45. Kxg4 e2 46. Rc1 e1=Q 47. Rxe1 Rxe1 48. c6 Rc1 49. c7 Kg6 50. b4 Rc3 51. Bc5 h5+ 52. Kh4 Kf5 53. c8=Q+ 1-0


[Site "https://www.chess.com"]

[Event "Titled Tuesday Blitz November 15 Early 2022"]
[White "Makridis, Dimitrios"]
[Black "Manukyan, Sargis A."]
[WhiteFideId "25864475"]
[BlackFideId "13303970"]
[WhiteElo "2272"]
[BlackElo "2187"]
[Result "1/2-1/2"]
[Round "10"]
[TimeControl "180+1"]
[Date "2022.11.16"]
[WhiteClock "0:01:25"]
[BlackClock "0:00:15"]

1. d4 Nf6 2. Nf3 g6 3. Nc3 c5 4. d5 Bg7 5. e4 d6 6. Bc4 Bg4 7. Be2 Nbd7 8. h3 Bxf3 9. Bxf3 O-O 10. O-O Rb8 11. a4 a6 12. a5 Ne8 13. Be2 Nc7 14. f4 b5 15. axb6 Rxb6 16. Ra2 Nb5 17. Nxb5 axb5 18. Be3 b4 19. b3 Qc7 20. Bc4 Rbb8 21. Qd3 Ra8 22. Rxa8 Rxa8 23. e5 dxe5 24. d6 Qxd6 25. Bxf7+ Kh8 26. Qe4 Rf8 27. Bc4 exf4 28. Rxf4 Rxf4 29. Bxf4 Qd4+ 30. Qxd4 Bxd4+ 31. Kf1 Kg7 32. Ke2 Kf6 33. Kf3 h5 34. g4 hxg4+ 35. hxg4 g5 36. Bg3 e6 37. Ke4 Ke7 38. Bb5 Nf6+ 39. Kf3 e5 40. Bc6 Ke6 41. Be4 Ne8 42. Bf5+ Kf6 43. Be4 Nd6 44. Be1 Nb5 45. Bd3 Na3 46. Ke4 Nb1 47. Kd5 Nc3+ 48. Bxc3 bxc3 1/2-1/2


[Site "https://www.chess.com"]

[Event "Titled Tuesday Blitz November 15 Early 2022"]
[White "Manon-og, Ramon Jr."]
[Black "Arbunic Castro, Giovanna"]
[WhiteFideId "5200776"]
[BlackFideId "3400549"]
[WhiteElo "2300"]
[BlackElo "1911"]
[Result "0-1"]
[Round "10"]
[TimeControl "180+1"]
[Date "2022.11.16"]
[WhiteClock "0:00:03"]
[BlackClock "0:00:02"]

1. e4 g6 2. d4 Bg7 3. Bc4 c5 4. c3 cxd4 5. cxd4 Nc6 6. Nf3 d6 7. h3 Qb6 8. O-O Nxd4 9. Qa4+ Nc6 10. Nc3 Nf6 11. Nd5 Qd8 12. Bg5 Bd7 13. Nxf6+ exf6 14. Bf4 Ne5 15. Bb5 Nxf3+ 16. gxf3 a6 17. Bxd7+ Qxd7 18. Qb4 O-O 19. Bxd6 Rfd8 20. Bg3 Qxh3 21. Qxb7 h5 22. Qb3 h4 23. Bh2 Rd7 24. Rfd1 Rad8 25. Rxd7 Rxd7 26. Rc1 Rd2 27. a4 Qd7 28. Bf4 Re2 29. Rd1 Qa7 0-1


[Site "https://www.chess.com"]

[Event "Titled Tuesday Blitz November 15 Early 2022"]
[White "Marchesich, Giovanni"]
[Black "Liu, Xiangyi"]
[WhiteFideId "2824790"]
[BlackFideId "8605718"]
[WhiteElo "2200"]
[BlackElo "2323"]
[Result "1/2-1/2"]
[Round "10"]
[TimeControl "180+1"]
[Date "2022.11.16"]
[WhiteClock "0:00:10"]
[BlackClock "0:00:26"]

1. e4 g6 2. d4 Bg7 3. Nc3 c6 4. g3 b5 5. Bg2 b4 6. Nce2 d6 7. Nf3 Nf6 8. e5 Nd5 9. O-O O-O 10. Re1 Nd7 11. Nf4 N7b6 12. h4 Bg4 13. Qd3 Bf5 14. Qe2 Nxf4 15. Bxf4 Nd5 16. Bg5 Qb6 17. Qd2 dxe5 18. dxe5 Rfd8 19. Qe2 h6 20. Bd2 Bxc2 21. Bxh6 Bxh6 22. Qxc2 e6 23. Ng5 Bxg5 24. hxg5 Rac8 25. Re4 Kf8 26. Qe2 c5 27. Rh4 Ke7 28. Rd1 Rd7 29. Rh7 Rf8 30. Be4 Kd8 31. Qf3 Qc6 32. Bxg6 Kc7 33. Be4 Kb6 34. g6 fxg6 35. Qxf8 Rxh7 36. Qb8+ Rb7 37. Qd8+ Qc7 38. Qxc7+ Rxc7 39. Bxd5 exd5 40. Rxd5 c4 41. Rd2 g5 42. Kf1 Kc5 43. Ke2 c3 44. bxc3 bxc3 45. Rc2 Kd4 46. f4 gxf4 47. gxf4 Rh7 48. Kf3 Kd3 49. Rc1 Kd2 50. Rg1 Rh3+ 51. Ke4 Re3+ 52. Kd5 c2 53. e6 Re1 54. Rg2+ Re2 55. Rg1 Kc3 56. Rc1 Rd2+ 57. Ke5 Kb2 58. Rxc2+ Rxc2 59. f5 Re2+ 60. Kd6 Kxa2 61. f6 a5 62. f7 Rf2 63. Ke7 a4 64. f8=Q Rxf8 65. Kxf8 a3 66. e7 Kb1 67. e8=Q a2 68. Qb5+ Kc2 69. Qc4+ Kb1 70. Qb3+ Ka1 71. Qc3+ Kb1 72. Qb3+ Ka1 73. Qxa2+ Kxa2 1/2-1/2


[Site "https://www.chess.com"]

[Event "Titled Tuesday Blitz November 15 Early 2022"]
[White "Marcolino, Daniel Mattos"]
[Black "parintele_chess"]
[WhiteFideId "2106841"]
[WhiteElo "2113"]
[BlackElo "2206"]
[Result "0-1"]
[Round "10"]
[TimeControl "180+1"]
[Date "2022.11.16"]
[WhiteClock "0:00:13"]
[BlackClock "0:00:03"]

1. d4 d5 2. Nf3 e6 3. g3 c5 4. Bg2 cxd4 5. Nxd4 Nc6 6. O-O Bc5 7. Nb3 Bb6 8. Nc3 Nf6 9. Na4 Bc7 10. Bg5 h6 11. Bxf6 Qxf6 12. e3 O-O 13. Rc1 Rd8 14. Nd4 a6 15. Nxc6 bxc6 16. Qd4 e5 17. Qc3 Bf5 18. Rfd1 Rac8 19. Nc5 d4 20. exd4 exd4 21. Qc4 Bg4 22. Rd2 a5 23. h3 Bf5 24. Rcd1 Be5 25. Ne4 Bxe4 26. Bxe4 c5 27. Kg2 Bd6 28. a4 Rb8 29. b3 Rb4 30. Qe2 Qe7 31. Qf3 Qc7 32. Bd5 Rf8 33. Bc4 Rbb8 34. Re1 Rbe8 35. Rde2 Rxe2 36. Rxe2 Qb8 37. Qd5 Qc7 38. Re4 Kh7 39. Rg4 f5 40. Bd3 g6 41. Rh4 Be7 42. Rf4 Bg5 43. Rf3 Rd8 44. h4 Rxd5 45. hxg5 hxg5 46. Bc4 Re5 47. Rd3 Re1 48. Bb5 Qb7+ 49. f3 Qe7 50. Kf2 Qe2# 0-1


[Site "https://www.chess.com"]

[Event "Titled Tuesday Blitz November 15 Early 2022"]
[White "Martinez Alcantara, Jose Eduardo"]
[Black "Shimanov, Aleksandr"]
[WhiteFideId "3805662"]
[BlackFideId "4198603"]
[WhiteElo "2705"]
[BlackElo "2605"]
[Result "1/2-1/2"]
[Round "10"]
[TimeControl "180+1"]
[Date "2022.11.15"]
[WhiteClock "0:00:03"]
[BlackClock "0:00:02"]

1. c4 g6 2. g3 Bg7 3. Bg2 Nf6 4. Nc3 O-O 5. d3 c5 6. e3 Nc6 7. Nge2 d6 8. O-O Bd7 9. h3 a6 10. b3 Rb8 11. Bb2 b5 12. Qd2 e6 13. Rad1 Qe7 14. Rfe1 Rfd8 15. Nf4 Be8 16. cxb5 axb5 17. d4 Na7 18. Nce2 e5 19. Nd5 Nxd5 20. Bxd5 Bc6 21. Bxc6 Nxc6 22. d5 Na7 23. e4 b4 24. f4 Nb5 25. f5 Ra8 26. Ra1 Ra7 27. Qd3 Ra5 28. Rf1 Nd4 29. a4 bxa3 30. Rxa3 Rxa3 31. Bxa3 Rb8 32. Nxd4 exd4 33. Bc1 Be5 34. Bf4 Ra8 35. Rf2 Ra1+ 36. Kg2 Bxf4 37. gxf4 gxf5 38. e5 dxe5 39. Qxf5 e4 40. Kh2 Ra8 41. Rg2+ Kh8 42. Qg4 Qf6 43. d6 e3 44. d7 Rd8 45. Rg3 h6 46. h4 Qg6 47. Qf3 Qf6 48. Qg4 Kh7 49. h5 Kh8 50. Kg1 Kh7 51. Kh2 Kh8 52. Kh1 Kh7 53. Kh2 1/2-1/2


[Site "https://www.chess.com"]

[Event "Titled Tuesday Blitz November 15 Early 2022"]
[White "Matveeva, Olga"]
[Black "Dias, Joao Batista"]
[WhiteFideId "24107018"]
[BlackFideId "2108240"]
[WhiteElo "2055"]
[BlackElo "1898"]
[Result "0-1"]
[Round "10"]
[TimeControl "180+1"]
[Date "2022.11.16"]
[WhiteClock "0:00:11"]
[BlackClock "0:00:48"]

1. d4 g6 2. c4 Bg7 3. Nf3 c5 4. d5 d6 5. e4 Nd7 6. h3 Ngf6 7. Nc3 O-O 8. Bd3 a6 9. a4 Re8 10. O-O Nf8 11. Bg5 h6 12. Bf4 N8h7 13. Qd2 g5 14. Bh2 e6 15. Rfe1 e5 16. a5 Nh5 17. Na4 Nf4 18. Bf1 Nf6 19. Nb6 Rb8 20. b4 Nd7 21. b5 Nxb6 22. axb6 axb5 23. Qa5 h5 24. Qxb5 g4 25. hxg4 Bd7 26. Qb3 hxg4 27. Nd2 Bh6 28. Ra2 Qh4 29. Bg3 Qg5 30. Rea1 Kg7 31. Bxf4 exf4 32. f3 g3 33. Qc3+ Kg6 34. e5 Bf5 35. Bd3 Rxe5 36. Nf1 Bg7 37. Qc2 Rh8 38. Ra8 Rh5 39. R1a7 Qh4 40. Bxf5+ Rexf5 0-1


[Site "https://www.chess.com"]

[Event "Titled Tuesday Blitz November 15 Early 2022"]
[White "Mejia, Cherry Ann"]
[Black "Jaskolka, Tomasz"]
[WhiteFideId "5206880"]
[BlackFideId "1170791"]
[WhiteElo "2007"]
[BlackElo "2126"]
[Result "0-1"]
[Round "10"]
[TimeControl "180+1"]
[Date "2022.11.16"]
[WhiteClock "0:00:18"]
[BlackClock "0:01:44"]

1. e4 Nf6 2. e5 Nd5 3. c4 Nb6 4. d4 d6 5. exd6 cxd6 6. Nc3 g6 7. Be3 Bg7 8. Rc1 O-O 9. b3 Nc6 10. Nf3 Bf5 11. Be2 e5 12. d5 Ne7 13. O-O Bg4 14. c5 Nbc8 15. Nb5 a6 16. cxd6 Nf5 17. Nc7 Nxe3 18. fxe3 Rb8 19. h3 Bxf3 20. Bxf3 Nxd6 21. Qd2 e4 22. Be2 Qd7 23. Rc2 Rfc8 24. Rfc1 Nf5 25. Bg4 Be5 26. Bxf5 gxf5 27. d6 Qxd6 28. Qxd6 Bxd6 29. Nd5 Rxc2 30. Rxc2 Kg7 31. g4 fxg4 32. hxg4 Rd8 33. Nc3 Rc8 34. Rc1 Ba3 0-1


[Site "https://www.chess.com"]

[Event "Titled Tuesday Blitz November 15 Early 2022"]
[White "Mgeladze, Tamaz"]
[Black "Wirig, Anthony"]
[WhiteFideId "13601202"]
[BlackFideId "615013"]
[WhiteElo "2288"]
[BlackElo "2487"]
[Result "0-1"]
[Round "10"]
[TimeControl "180+1"]
[Date "2022.11.15"]
[WhiteClock "0:00:06"]
[BlackClock "0:00:08"]

1. c4 c5 2. Nc3 g6 3. g3 Bg7 4. Bg2 Nc6 5. Nf3 d6 6. O-O Bf5 7. h3 Nf6 8. d3 O-O 9. a3 Rb8 10. Rb1 a6 11. b4 cxb4 12. axb4 b5 13. c5 dxc5 14. bxc5 e5 15. Bg5 h6 16. Bxf6 Bxf6 17. Nd2 Qd7 18. Nd5 Bg7 19. Ne4 Kh8 20. g4 Be6 21. Ne3 f5 22. gxf5 gxf5 23. Nd6 f4 24. Ng4 Bxg4 25. hxg4 Qxg4 26. f3 Qg6 27. Rf2 Nd4 28. Kf1 b4 29. Qa4 b3 30. Bh3 Qg3 31. Qd7 Nc2 32. Nc4 Rfd8 33. Qg4 Rd5 34. c6 Qxg4 35. Bxg4 Rc5 36. Bd7 Nd4 37. Rg2 Nxc6 38. Bxc6 Rxc6 39. Ke1 Rc5 40. Kd2 a5 41. Rbg1 Rb7 42. Kc3 a4 43. Ra1 e4+ 44. d4 Rbc7 45. Kb4 Rxc4+ 46. Ka3 Bxd4 47. Rg6 Bxa1 48. Rxh6+ Kg7 49. e3 Bf6 50. Rh4 Be7+ 51. Kb2 Bxh4 52. Kb1 Bf6 53. exf4 Rc1# 0-1


[Site "https://www.chess.com"]

[Event "Titled Tuesday Blitz November 15 Early 2022"]
[White "Mohammed, Zozek Salah Mohammed"]
[Black "Pinheiro, Iung Alicio de O."]
[WhiteFideId "4803361"]
[BlackFideId "2104350"]
[WhiteElo "2199"]
[BlackElo "2283"]
[Result "1/2-1/2"]
[Round "10"]
[TimeControl "180+1"]
[Date "2022.11.16"]
[WhiteClock "0:00:57"]
[BlackClock "0:00:15"]

1. d4 Nf6 2. Nf3 g6 3. g3 Bg7 4. Bg2 d6 5. O-O O-O 6. c4 Nbd7 7. Nc3 e5 8. e4 exd4 9. Nxd4 Re8 10. Re1 a6 11. b3 Rb8 12. Bb2 Ne5 13. h3 c5 14. Nc2 b5 15. cxb5 axb5 16. Ne3 b4 17. Ncd5 Nxd5 18. Nxd5 Nf3+ 19. Qxf3 Bxb2 20. Rad1 Be6 21. Qd3 Bxd5 22. Qxd5 Be5 23. f4 Bd4+ 24. Kh2 Qa5 25. Re2 Qa6 26. Red2 Re6 27. h4 Rbe8 28. Rc2 Qb6 29. Rdd2 Kg7 30. f5 Re5 31. Qc4 gxf5 32. exf5 Re3 33. Rf2 f6 34. Rce2 Qd8 35. Rxe3 Rxe3 36. Re2 Qe7 37. Rxe3 Qxe3 38. Qe6 Qxe6 39. fxe6 f5 40. Bd5 Kf6 41. Kg2 Be5 42. Kf3 h6 43. g4 fxg4+ 44. Kxg4 Bc3 45. Kh5 Be1 46. Kg4 Bf2 47. Kh5 Be1 48. Kxh6 Bxh4 49. Kh7 Ke7 50. Kg7 Be1 51. Kg6 Bd2 52. Kf5 Bc3 53. Bc4 Be1 54. Ke4 Bd2 55. Kd5 Be1 56. Kc6 Bd2 57. Kb5 Be1 58. Ka4 Bd2 59. a3 bxa3 60. Kxa3 Bb4+ 61. Ka4 Be1 62. Kb5 Bb4 63. Kc6 Be1 64. Kd5 Bb4 65. Kc6 Be1 66. Kd5 Bb4 67. Kc6 1/2-1/2


[Site "https://www.chess.com"]

[Event "Titled Tuesday Blitz November 15 Early 2022"]
[White "Mouhamad, Joachim"]
[Black "Ravot, Sylvain"]
[WhiteFideId "656410"]
[BlackFideId "627763"]
[WhiteElo "2164"]
[BlackElo "2195"]
[Result "1/2-1/2"]
[Round "10"]
[TimeControl "180+1"]
[Date "2022.11.16"]
[WhiteClock "0:00:30"]
[BlackClock "0:00:05"]

1. e4 c5 2. d4 cxd4 3. c3 d3 4. Bxd3 Nc6 5. c4 g6 6. Nc3 Bg7 7. Nge2 d6 8. O-O Nf6 9. h3 O-O 10. Re1 Bd7 11. Bg5 h6 12. Be3 Rc8 13. Rc1 Kh7 14. b3 b6 15. Qd2 Be6 16. Nd5 Nd7 17. Nef4 Nc5 18. Bb1 Qd7 19. Nxe6 fxe6 20. Nf4 e5 21. Nd5 Ne6 22. Bd3 Ncd4 23. f3 Rxf3 24. Rf1 Rcf8 25. Be2 Rxf1+ 26. Bxf1 Nc6 27. Be2 Ned4 28. Bg4 e6 29. Nc3 Qf7 30. Ne2 h5 31. Bxd4 Nxd4 32. Nxd4 exd4 33. Bf3 Bh6 34. Qd1 Bxc1 35. Qxc1 Qf4 36. Qd1 e5 37. Kh1 Kh6 38. b4 Rc8 39. Qf1 Qe3 40. Be2 Qxe4 41. Bd3 Qf4 42. Qe2 Re8 43. Be4 Qe3 44. Qc2 Kg5 45. Bxg6 Kh4 46. Bxe8 Qe1+ 47. Kh2 Qg3+ 48. Kg1 Qe1+ 49. Kh2 Qg3+ 50. Kg1 Qe1+ 51. Kh2 1/2-1/2


[Site "https://www.chess.com"]

[Event "Titled Tuesday Blitz November 15 Early 2022"]
[White "Muminova, Nafisa"]
[Black "Santos Flores, Alberto"]
[WhiteFideId "14201526"]
[BlackFideId "3601234"]
[WhiteElo "2258"]
[BlackElo "2235"]
[Result "1/2-1/2"]
[Round "10"]
[TimeControl "180+1"]
[Date "2022.11.16"]
[WhiteClock "0:00:07"]
[BlackClock "0:00:08"]

1. e4 c5 2. Nf3 Nc6 3. Bb5 g6 4. O-O Bg7 5. Re1 Nf6 6. e5 Nd5 7. Nc3 Nc7 8. Bxc6 dxc6 9. Ne4 Ne6 10. d3 O-O 11. Be3 b6 12. Qd2 f5 13. exf6 exf6 14. Bh6 Nd4 15. Nxd4 cxd4 16. Bxg7 Kxg7 17. Qf4 Be6 18. Re2 Bd5 19. Nd6 a5 20. Rae1 Ra7 21. Re8 Rxe8 22. Nxe8+ Kf7 23. Nd6+ Kg7 24. Ne8+ Kf7 25. Qxd4 Re7 26. Qxf6+ Kxe8 27. Qc3 Rxe1+ 28. Qxe1+ Qe7 29. Qc3 Kd7 30. h3 Kc7 31. a3 Kb7 32. b4 axb4 33. axb4 b5 34. Qd4 h5 35. c4 bxc4 36. dxc4 Bf7 37. b5 cxb5 38. cxb5 Qc7 39. Qd3 g5 40. Qe4+ Kb6 41. Qf5 Qe7 42. Qd3 Be8 43. Qd4+ Kxb5 44. Qd3+ Kc6 45. Qc4+ Kd7 46. Qd5+ Kc7 47. Qa5+ Kb7 48. Qd5+ Bc6 49. Qb3+ Kc7 50. Qc4 Qe4 51. Qf7+ Kb6 52. Qb3+ Kc5 53. Qc3+ Kd6 54. Qf6+ Kd7 55. Qxg5 h4 56. Kh2 Ke6 57. Qg4+ Qxg4 58. hxg4 Kf6 59. Kh3 Kg5 60. g3 hxg3 61. fxg3 Bd7 62. Kg2 Bxg4 63. Kf2 Bf5 64. Kg2 Kg4 65. Kf2 Be4 66. Ke3 Kxg3 1/2-1/2


[Site "https://www.chess.com"]

[Event "Titled Tuesday Blitz November 15 Early 2022"]
[White "Nakamura, Hikaru"]
[Black "Caruana, Fabiano"]
[WhiteFideId "2016192"]
[BlackFideId "2020009"]
[WhiteElo "2909"]
[BlackElo "2847"]
[Result "0-1"]
[Round "10"]
[TimeControl "180+1"]
[Date "2022.11.15"]
[WhiteClock "0:00:06"]
[BlackClock "0:00:06"]

1. e4 e5 2. Nf3 Nc6 3. Bb5 a6 4. Ba4 Nf6 5. d3 d6 6. c3 g6 7. Nbd2 Bg7 8. Nf1 O-O 9. Ne3 Ne7 10. O-O c5 11. Re1 b5 12. Bb3 Bb7 13. a4 h6 14. Bd2 Qc7 15. axb5 axb5 16. c4 b4 17. Rc1 Bc8 18. h3 Nc6 19. Nd5 Qd8 20. Ba4 Bd7 21. Ra1 Nxd5 22. cxd5 Ne7 23. Bxd7 Qxd7 24. Nh2 f5 25. Nf1 f4 26. Rxa8 Rxa8 27. Bc1 Nc8 28. Nd2 Nb6 29. b3 Kh7 30. Kh2 Ra2 31. Re2 Ra1 32. g3 g5 33. Nf3 Qf7 34. Kg2 Qg6 35. Qc2 Ra8 36. Re1 Rf8 37. Qe2 h5 38. Kh1 Bh6 39. Rg1 Qf6 40. gxf4 gxf4 41. Bd2 Rg8 42. Ra1 Ra8 43. Qd1 Qf7 44. Rxa8 Nxa8 45. Nh4 Bf8 46. Nf5 Nc7 47. Nh4 Nb5 48. Nf3 Be7 49. Qa1 Nd4 50. Nxd4 exd4 51. Qa7 Kg6 52. f3 Qf6 53. Qd7 Kf7 54. Be1 Kf8 55. Qc8+ Kg7 56. Qd7 Kf8 57. Kg2 Kf7 58. Kf1 Kf8 59. Qc8+ Kf7 60. Bd2 Kg7 61. Ke2 Kf7 62. Qd7 Qg6 63. Be1 Qf6 64. Kd1 Kf8 65. Bd2 Kf7 66. Kc2 Kf8 67. Qc8+ Kf7 68. Qa8 Qh4 69. Qc8 Qf6 70. Bc1 Qg5 71. Qe6+ Kf8 72. Kb1 Ke8 73. Qc8+ Kf7 74. Qh8 Qh4 75. Qh7+ Ke8 76. Qg8+ Kd7 77. Qe6+ Kd8 78. Qf5 Qg3 79. Qxh5 Qg2 80. Qg4 Qe2 81. Qxf4 Qxd3+ 82. Kb2 Qc3+ 83. Kb1 Qxb3+ 84. Bb2 c4 85. Qd2 c3 86. Qc2 Qxb2+ 87. Qxb2 cxb2 88. Kxb2 Bg5 89. Kc2 Ke7 90. Kd3 b3 0-1


[Site "https://www.chess.com"]

[Event "Titled Tuesday Blitz November 15 Early 2022"]
[White "Novikova, Galina"]
[Black "Sowul, Bartosz"]
[WhiteFideId "4157095"]
[BlackFideId "1137590"]
[WhiteElo "1973"]
[BlackElo "2188"]
[Result "1-0"]
[Round "10"]
[TimeControl "180+1"]
[Date "2022.11.16"]
[WhiteClock "0:00:04"]
[BlackClock "0:00:02"]

1. e4 c5 2. Nf3 d6 3. d4 cxd4 4. Nxd4 Nf6 5. Nc3 Nc6 6. h3 e5 7. Nde2 Be6 8. g4 d5 9. Bg2 d4 10. Nb1 h5 11. g5 Nd7 12. h4 Bb4+ 13. Bd2 Rc8 14. O-O Bc5 15. Ng3 g6 16. Kh1 Nf8 17. f4 Bg4 18. Qe1 exf4 19. Rxf4 Ne6 20. Rf1 Qd6 21. e5 Nxe5 22. Ne4 Qc7 23. Nf6+ Kd8 24. Na3 Bf5 25. Nb5 Qb8 26. Qg3 a6 27. Na3 Bd6 28. Qb3 b5 29. c3 d3 30. Rae1 Ng4 31. Ne4 Ke7 32. Nxd6 Qxd6 33. Bf4 Qc5 34. Bg3 Kf8 35. Rd1 Kg7 36. Rde1 Kh7 37. Nb1 Rhd8 38. Nd2 Ne3 39. Rf2 Nxg2 40. Rxg2 Qd5 41. Qxd5 Rxd5 42. Rf2 Kg7 43. Be5+ Kg8 44. Bf6 Re8 45. Kg1 Ng7 46. Rxe8+ Nxe8 47. Bd4 Rd7 48. Nf3 Nc7 49. Rd2 Re7 50. Ne5 Ne6 51. Nxd3 Nxd4 52. cxd4 Re4 53. Nc5 Rg4+ 54. Kf2 Rxh4 55. Nxa6 Rh2+ 56. Ke3 Rh3+ 57. Kf4 Kf8 58. d5 Ke7 59. d6+ Kd7 60. Nc5+ Kc6 61. d7 Rh4+ 62. Kg3 Rh3+ 63. Kg2 Bxd7 64. Nxd7 Rh4 65. Ne5+ Kc5 66. Nxf7 Rg4+ 67. Kh2 Rf4 68. Ne5 Rf5 69. Nd3+ Kb6 70. Rg2 Rd5 71. Nf2 Rd2 72. Nh3 Rd4 73. Rf2 Ka5 74. Nf4 Rd6 75. Ng2 Rc6 76. Re2 Rd6 77. Rf2 Rc6 78. a3 Ka4 79. Rf4+ Ka5 80. Rb4 1-0


[Site "https://www.chess.com"]

[Event "Titled Tuesday Blitz November 15 Early 2022"]
[White "Nugumanov, Bakhtiyar"]
[Black "Smietanska, Wiktoria"]
[WhiteFideId "13701797"]
[BlackFideId "21869359"]
[WhiteElo "2287"]
[BlackElo "1695"]
[Result "0-1"]
[Round "10"]
[TimeControl "180+1"]
[Date "2022.11.16"]
[WhiteClock "0:02:21"]
[BlackClock "0:01:54"]

1. Nf3 Nf6 2. c4 g6 3. g3 Bg7 4. Bg2 O-O 5. O-O d6 6. Nc3 e5 7. d3 Nbd7 8. b4 c6 9. Rb1 Qe7 10. a4 d5 11. b5 Re8 12. cxd5 cxd5 13. Qb3 Nc5 14. Nxd5 Nxd5 15. Qxd5 Be6 0-1


[Site "https://www.chess.com"]

[Event "Titled Tuesday Blitz November 15 Early 2022"]
[White "Oro, Faustino"]
[Black "Storey, Charles H"]
[WhiteFideId "20000197"]
[BlackFideId "406686"]
[WhiteElo "2066"]
[BlackElo "2252"]
[Result "0-1"]
[Round "10"]
[TimeControl "180+1"]
[Date "2022.11.16"]
[WhiteClock "0:00:06"]
[BlackClock "0:00:13"]

1. Nf3 g6 2. e4 Bg7 3. d4 c5 4. c4 cxd4 5. Nxd4 Nc6 6. Be3 Qb6 7. Nb3 Qc7 8. Nc3 Bxc3+ 9. bxc3 b6 10. Be2 d6 11. O-O Nf6 12. f3 O-O 13. a4 Be6 14. Nd4 Na5 15. Nxe6 fxe6 16. Qd3 Rfc8 17. e5 dxe5 18. c5 bxc5 19. Qc2 c4 20. Rab1 Rab8 21. Rb5 a6 22. Rc5 Qxc5 23. Bxc5 Rxc5 24. Rb1 Rb3 25. Bd1 Nd5 26. Be2 Rxb1+ 27. Qxb1 Nxc3 28. Qb8+ Kf7 29. Bf1 Nd5 30. Qxe5 c3 31. Bd3 c2 32. Bxc2 Rxc2 33. h3 Nc4 34. Qe4 Nce3 35. g4 Rc4 36. Qe5 Rxa4 37. Qh8 h5 38. gxh5 gxh5 39. Qxh5+ Kf8 40. Qh6+ Kf7 41. Qh7+ Ke8 42. h4 Ra1+ 43. Kf2 Ra2+ 44. Kg1 Kd7 45. h5 Nf4 46. h6 Rg2+ 47. Kh1 Nf5 0-1


[Site "https://www.chess.com"]

[Event "Titled Tuesday Blitz November 15 Early 2022"]
[White "Pajeken, Jakob Leon"]
[Black "Kovalev, Vladislav"]
[WhiteFideId "12942839"]
[BlackFideId "13504398"]
[WhiteElo "2429"]
[BlackElo "2556"]
[Result "1-0"]
[Round "10"]
[TimeControl "180+1"]
[Date "2022.11.15"]
[WhiteClock "0:00:11"]
[BlackClock "0:00:02"]

1. d4 Nf6 2. Nf3 g6 3. g3 Bg7 4. Bg2 O-O 5. O-O d6 6. b3 c5 7. c4 Nc6 8. Bb2 Ne4 9. Nbd2 Bf5 10. e3 Qa5 11. Nxe4 Bxe4 12. Qe2 e6 13. Rfd1 Rfd8 14. d5 Bxb2 15. Qxb2 exd5 16. cxd5 Bxf3 17. Bxf3 Ne5 18. Be2 f5 19. Rab1 Qc7 20. Rbc1 a5 21. a3 b6 22. Qc2 Qe7 23. e4 Qf6 24. f4 Nf7 25. exf5 gxf5 26. Kg2 Re8 27. Bd3 Nh6 28. Re1 Kg7 29. Re2 Rxe2+ 30. Qxe2 Ng4 31. Re1 Ra7 32. h3 Nh6 33. Qe6 Qxe6 34. Rxe6 Rd7 35. Kf3 a4 36. bxa4 Rc7 37. Bc4 Nf7 38. g4 fxg4+ 39. hxg4 Ra7 40. Bb5 c4 41. Re4 c3 42. Rc4 Re7 43. Rxc3 Re1 44. Rc6 Ra1 45. Rxb6 Rxa3+ 46. Ke4 Rg3 47. g5 Rg1 48. Rb7 Re1+ 49. Kf5 Kf8 50. Kf6 Nd8 51. Rb8 1-0


[Site "https://www.chess.com"]